AoeStats
← BadLadyBoy

Migration

510052089Analyzed
1v1 RM · 2d ago on Sep 29, 2026· 35m 47s· 2 players
Game mode
Random Map
Map size
132×132
Population
200
Speed
Normal
Resources
Standard
Victory
Conquest
Starting age
Dark Age
Ending age
Imperial Age
RankedLock teamsTeams togetherTeam positionsShared explorationLock speedFull tech treeHidden civsTurbo modeCheats
Victory
Defeat
🇪🇸 Varangians · Spain
581
+18
🇺🇸 Aztecs · United States
623
-38
Whisper x
0:30 Loom
14:12 Feudal Age
20:20 Castle Age
18:56 Wheelbarrow
28:20 Ballistics
29:01 Fletching
33:18 Hand Cart
32:56 Pikeman
33:36 Squires
BadLadyBoy
14:19 Feudal Age
14:35 Man-at-Arms
15:54 Gold Mining
23:58 Scale Mail Armor
23:51 Fletching
24:13 Forging
27:01 Double-Bit Axe
29:48 Castle Age
31:39 Medium Warships
33:17 Bodkin Arrow
33:38 Chain Mail Armor
33:59 Iron Casting
Connection lost

Rejoining the realm…

Still unreachable

The connection could not be restored.

Session expired

The server has moved on; the page needs a fresh start.